AoeStats
← KimiJay

Migration

509935405Analyzed
1v1 RM · 4d ago on Sep 28, 2026· 43m 2s· 2 players
Game mode
Random Map
Map size
132×132
Population
200
Speed
Normal
Resources
Standard
Victory
Conquest
Starting age
Dark Age
Ending age
Imperial Age
RankedLock teamsTeams togetherTeam positionsShared explorationLock speedFull tech treeHidden civsTurbo modeCheats
Victory
Defeat
🇳🇱 Vikings · Netherlands
1003
+15
🇨🇿 Vikings · Czechia
982
-15
KimiJay
6:47 Loom
10:11 Feudal Age
10:43 Double-Bit Axe
10:52 Fishing Lines
13:36 Horse Collar
14:11 Man-at-Arms
18:00 Castle Age
16:36 Fletching
17:17 Horse Collar
17:39 Scale Mail Armor
19:02 Chain Mail Armor
19:04 Town Watch
19:49 Medium Warships
19:54 Gillnets
20:22 Long Swordsman
21:56 Heavy Plow
22:07 Bow Saw
23:07 Squires
25:33 Arson
26:44 Forging
27:05 Gold Mining
27:31 Bodkin Arrow
28:31 Padded Archer Armor
29:08 Town Patrol
30:17 Leather Archer Armor
34:00 Imperial Age
32:21 Iron Casting
35:06 Bracer
35:37 Plate Mail Armor
36:08 Blast Furnace
34:31 Two-Handed Swordsman
35:25 Champion
37:52 Two-Man Saw
37:58 Gold Shaft Mining
40:35 Elite Longship
41:53 Ring Archer Armor
[Makkelijk] Prins
10:56 Feudal Age
12:00 Fishing Lines
12:36 Double-Bit Axe
16:47 Castle Age
14:46 Gold Mining
17:49 Loom
20:06 Fletching
20:44 Gillnets
24:01 Bow Saw
23:33 Horse Collar
25:13 Bodkin Arrow
25:56 Ballistics
29:09 Imperial Age
27:52 Masonry
28:52 Forging
28:43 Scale Mail Armor
28:11 Man-at-Arms
31:32 Iron Casting
31:13 Chain Mail Armor
32:38 Chemistry
32:10 Architecture
32:38 Man-at-Arms
34:13 Elite Longship
34:20 Elite Longship
36:02 Careening
36:56 Bracer
37:07 Long Swordsman
37:08 Elite Varangian Guard
38:55 Town Watch
40:20 Dry Dock
40:14 Clinker Construction
40:20 Town Patrol
40:26 Bogsveigar
Connection lost

Rejoining the realm…

Still unreachable

The connection could not be restored.

Session expired

The server has moved on; the page needs a fresh start.